 Dungeon Crawl Stone Soup version 0.31-a0-202-g547052bce9 (webtiles) character file.

Game seed: 16847245767777768680

9058 gelatine the Destroyer (level 11, -3/79 HPs)
             Began as a Demonspawn Conjurer on June 26, 2023.
             Was a Priest of Vehumet.
             Slain by a wyvern (11 damage)
             ... on level 9 of the Dungeon.
             The game lasted 00:45:08 (11456 turns).

gelatine the Destroyer (Demonspawn Conjurer)       Turns: 11456, Time: 00:45:09

Health: -3/79      AC:  6    Str:  8    XL:     11   Next: 18%
Magic:  26/32      EV: 13    Int: 27    God:    Vehumet [***...]
Gold:   553        SH:  0    Dex: 11    Spells: 13/27 levels left

rFire   + + .        u - +9 quarterstaff of Extohonk {spect, rF++ Int+3}
rCold   . . .        (shield currently unavailable)
rNeg    . . .        a - +0 robe
rPois   .            (no helmet)
rElec   .            (no cloak)
rCorr   .            (no gloves)
SInv    .            (no boots)
Will    .....        (no amulet)
Stlth   +            c - +4 ring of protection
HPRegen 0.33/turn    i - ring of magical power
MPRegen 0.23/turn

%: no passive effects
@: confused, studying Maces & Flails
A: hooves 2, foul stench 1, powered by death 1
a: Renounce Religion


You were on level 9 of the Dungeon.
You worshipped Vehumet.
Vehumet was most pleased with you.
You visited 2 branches of the dungeon, and saw 11 of its levels.
You also visited: Ossuary.

You collected 553 gold pieces.

Inventory:

Hand Weapons
 u - the +9 quarterstaff of Extohonk (weapon) {spect, rF++ Int+3}
   (You found it on level 2 of the Dungeon)

   Int:       It affects your intelligence (+3).
   rF:        It greatly protects you from fire.
 y - a +7 sling of flaming
 A - the +7 hand axe of Earthquakes {heavy, Will+}
   (You took it off a gnoll on level 4 of the Dungeon)

   Will:      It increases your willpower.
Missiles
 d - 2 atropa-tipped darts
 F - a throwing net
Armour
 a - a +0 robe (worn)
Jewellery
 c - a +4 ring of protection (left hand)
 i - a ring of magical power (right hand)
 G - a ring of fire
Wands
 E - a wand of roots (9)
Scrolls
 e - 2 scrolls of vulnerability
 m - a scroll of amnesia
 o - a scroll of fog {unknown}
 p - 2 scrolls of poison
 q - a scroll of enchant weapon
 r - a scroll of teleportation
 w - 2 scrolls of noise {unknown}
 x - 2 scrolls of fear
 C - a scroll of torment {unknown}
 D - a scroll of immolation
Potions
 b - 2 potions of magic
 f - a potion of haste
 g - a potion of degeneration
 h - a potion of berserk rage
 j - 5 potions of heal wounds {unknown}
 k - 2 potions of enlightenment
 l - 9 potions of curing {unknown}
 n - 5 potions of attraction {unknown}
 s - 3 potions of resistance
 t - 2 potions of brilliance
 v - a potion of lignification {unknown}
 z - 2 potions of cancellation
 B - 2 potions of mutation


   Skills:
 * Level 5.1 Fighting
 * Level 5.0 Staves
 * Level 5.1 Dodging
 + Level 3.2 Stealth
 + Level 0.1 Unarmed Combat
 * Level 8.6 Spellcasting
 * Level 9.9 Conjurations
 * Level 5.1 Hexes
 * Level 1.9 Transmutations
 * Level 2.1 Fire Magic
 * Level 1.9 Poison Magic


You had 13 spell levels left.
You knew the following spells:

 Your Spells              Type           Power      Damage    Failure   Level
a - Magic Dart            Conj           100%       1d8       1%          1
b - Searing Ray           Conj           100%       2d8       1%          2
c - Dazzling Flash        Conj/Hex       100%       N/A       1%          3
d - Fulminant Prism       Conj/Hex       25%        3d14      1%          4
e - Foxfire               Conj/Fire      100%       2x1d9     1%          1
f - Ignite Poison         Fire/Tmut/Pois 22%        N/A       1%          3

Your spell library contained the following spells:

 Spells                   Type           Power      Damage    Failure   Level
 Momentum Strike          Conj/Tloc      76%        3d10      1%          2
 Poisonous Vapours        Pois/Air       32%        N/A       1%          2
 Mephitic Cloud           Conj/Pois/Air  32%        N/A       1%          3
 Iskenderun's Mystic Bla  Conj/Tloc      38%        2d9       1%          4
 Ensorcelled Hibernation  Hex/Ice        50%        N/A       2%          2
 Volatile Blastmotes      Fire/Tloc      34%        2d12      2%          3
 Necrotise                Necr           44%        1d6       4%          1
 Passwall                 Tmut/Erth      14%        N/A       4%          2
 Blink                    Tloc           22%        N/A       8%          2
 Lesser Beckoning         Tloc           22%        N/A       8%          2
 Freezing Cloud           Conj/Ice/Air   14%        6-21      10%         5
 Swiftness                Air            11%        N/A       14%         3
 Vampiric Draining        Necr           11%        2d6       14%         3
 Starburst                Conj/Fire      22%        6d7       17%         6
 Agony                    Necr           11%        N/A       80%         5


Dungeon Overview and Level Annotations

Branches:
Dungeon (10/15)            Temple (1/1) D:6         Ossuary (visited)
   Lair: D:8-11         Orc: D:9-12

Altars:
Ashenzari
Cheibriados
Dithmenos
Fedhas
Gozag
Hepliaklqana
Kikubaaqudgha
Qazlal
Ru
Sif Muna
Trog
Uskayaw
Vehumet
Wu Jian
Xom
Yredelemnul


Innate Abilities, Weirdness & Mutations

You have hoof-like feet.
You may rarely emit foul miasma when damaged in melee.
You regenerate a little health from kills.


Message History

The wyvern closely misses you. Something barely misses you.
The wyvern misses you.
You thump something! You kick something.
Your +9 quarterstaff of Extohonk {spect, rF++ Int+3} barely misses something.
The wyvern bites you!
* * * LOW HITPOINT WARNING * * *
The wyvern bites you!
* * * LOW HITPOINT WARNING * * *
Something hits you but does no damage. The wyvern barely misses you.
The wyvern bites you but does no damage.
You hear some strange, mumbled words.
You hit the wyvern. Your kick misses the wyvern.
The wyvern is lightly wounded.
Your +9 quarterstaff of Extohonk {spect, rF++ Int+3} barely misses the wyvern.
The wyvern barely misses you. The wyvern closely misses you.
Something hits you.
* * * LOW HITPOINT WARNING * * *
Casting: Dazzling Flash (safe; 1% risk of failure)
Confirm with . or Enter, or press ? or * to list all spells.
Aiming: Fulminant Prism (mildly dangerous; 1% risk of failure)
Press: ? - help, Dir - move target You conjure a prism of explosive energy!
A fulminant prism comes into view.
Your +9 quarterstaff of Extohonk {spect, rF++ Int+3} disappears.
The wyvern barely misses you.
The wyvern bites you but does no damage.
Something hits you but does no damage. The wyvern bites you.
* * * LOW HITPOINT WARNING * * *
The wyvern misses you. The orc wizard casts a spell at you.
You are confused.
You miss the wyvern.
The wyvern is lightly wounded.
Your +9 quarterstaff of Extohonk {spect, rF++ Int+3} hits the wyvern!!
The wyvern barely misses you. The wyvern bites you.
* * * LOW HITPOINT WARNING * * *
Something completely misses you. The orc wizard barely misses you.
Your fulminant prism crackles loudly.
The wyvern bites you!
You die...

####.#...8# #....#....... #
#.#'########'########'#.#.#### #
#.#†...#.........#P...#.#..... #
#.#.*..#.........#...P#.#..### #
#.#†...#.........#P...#.#..... #
#.#†)..#[..*.....#...P#.##..## #
#.#....#...o.....#P...#......) #
#.#....#...oo.l..#...P#....... #
#.#....#....l@...#P...#.###..# #
#.#....#....o(...#...P#.# #.. ##
#.#....'.......)†)....#.# .. .#
#.#####################.# #.
'###..............# ######.#####.
...#..###########.###..........#.
≈≈.#...........................#
.≈.#.....#...###...............#
.≈.#.........+.#..###..........#


You could see 2 wyverns, an orc wizard (summoned), 3 orcs, a friendly +9
quarterstaff of Extohonk {spect, rF++ Int+3} and a friendly fulminant prism.

Vanquished Creatures
  2 two-headed ogres (D:8)
  A centaur warrior (D:9)
  Pikel (D:7)
  An ugly thing (D:9)
  A deep elf pyromancer (D:9)
  A cyclops (D:9)
  Joseph (D:8)
  An unseen horror (D:7)
  2 hornets (D:9)
  A troll (D:9)
  7 yaks
  A wraith (Ossuary)
  A basilisk (D:9)
  A steam dragon (D:7)
  3 orc warriors
  3 water moccasins
  An ice beast (D:7)
  A sky beast (D:7)
  2 centaurs
  3 lemures (D:7)
  A phantom (D:4)
  9 bullfrogs
  3 scorpions
  3 wights (D:8)
  2 killer bees (D:9)
  4 howler monkeys
  An orc priest (D:7)
  2 jellies (D:7)
  6 hounds
  2 gnoll boudas (D:9)
  3 sleepcaps
  2 iguanas
  10 orc wizards
  A mummy (Ossuary)
  9 adders
  8 gnolls
  A shadow imp (D:6)
  A white imp (D:7)
  2 worms
  A dart slug (D:5)
  23 orcs
  8 endoplasms
  10 goblins
  9 hobgoblins
  3 jackals (D:3)
  5 quokkas
  6 ball pythons
  13 bats
  2 frilled lizards
  8 gnoll skeletons (Ossuary)
  9 kobolds
  5 kobold skeletons (Ossuary)
  12 orc skeletons (Ossuary)
  7 rats
  A foxfire (D:8)
  2 fulminant prisms
229 creatures vanquished.

Vanquished Creatures (others)
  158 foxfires
  29 fulminant prisms
187 creatures vanquished.

Grand Total: 416 creatures vanquished

Notes
Turn   | Place    | Note
-------+----------+-------------------------------------------
     0 | D:1      | gelatine the Demonspawn Conjurer began the quest for the
                  | Orb.
     0 | D:1      | Reached XP level 1. HP: 13/13 MP: 3/3
   222 | D:1      | Gained mutation: You may rarely emit foul miasma when
                  | damaged in melee. [demonic ancestry]
   222 | D:1      | Reached XP level 2. HP: 19/19 MP: 0/5
   716 | D:1      | Learned a level 2 spell: Searing Ray
   920 | D:1      | Gained mutation: You regenerate a little health from kills.
                  | [demonic ancestry]
   920 | D:1      | Reached XP level 3. HP: 24/24 MP: 6/6
  1185 | D:2      | Learned a level 3 spell: Dazzling Flash
  1992 | D:2      | Identified the +9 quarterstaff of Extohonk {spect, rF++
                  | Int+3}
  2248 | D:3      | Reached skill level 5 in Conjurations
  2305 | D:3      | Reached XP level 4. HP: 31/31 MP: 7/7
  2474 | D:3      | Found a faded altar of an unknown god.
  3188 | D:4      | Noticed a phantom
  3195 | D:4      | Killed a phantom
  3196 | D:4      | Reached skill level 1 in Fighting
  3196 | D:4      | Reached XP level 5. HP: 37/37 MP: 9/9
  3289 | D:4      | Found a shadowy altar of Dithmenos.
  3709 | D:4      | Identified the +7 hand axe of Earthquakes {heavy, Will+}
  3724 | D:4      | Reached skill level 1 in Hexes
  4145 | D:5      | Entered Level 5 of the Dungeon
  4185 | D:5      | Gained mutation: You have large cloven feet. [demonic
                  | ancestry]
  4185 | D:5      | Reached XP level 6. HP: 43/43 MP: 11/11
  4191 | D:5      | Reached skill level 1 in Staves
  4837 | D:5      | Reached skill level 6 in Conjurations
  4914 | D:5      | Found a blossoming altar of Fedhas.
  4920 | D:5      | Reached XP level 7. HP: 49/49 MP: 13/13
  5035 | D:5      | Found an ancient bone altar of Kikubaaqudgha.
  5245 | D:6      | Found a staircase to the Ecumenical Temple.
  5275 | Temple   | Entered the Ecumenical Temple
  5492 | Temple   | Became a worshipper of Vehumet
  5940 | D:6      | Found a shimmering blue altar of Sif Muna.
  6667 | D:7      | Upgraded the game from 0.31-a0-198-g2ad674f65e to
                  | 0.31-a0-202-g547052bce9
  6673 | D:7      | Reached skill level 5 in Spellcasting
  6728 | D:7      | Noticed a steam dragon
  6964 | D:7      | Reached XP level 8. HP: 56/56 MP: 15/15
  6974 | D:7      | Reached * piety under Vehumet
  6974 | D:7      | Offered knowledge of Shock by Vehumet.
  7091 | D:7      | Learned a level 4 spell: Fulminant Prism
  7161 | D:7      | Reached skill level 7 in Conjurations
  7206 | D:7      | Noticed Pikel
  7487 | D:7      | Killed Pikel
  7488 | D:7      | Gained mutation: You have hoof-like feet. [demonic
                  | ancestry]
  7488 | D:7      | Reached XP level 9. HP: 54/64 MP: 6/18
  7714 | D:7      | Killed an unseen horror
  7715 | D:7      | Reached skill level 8 in Conjurations
  7978 | D:7      | Found a hide-covered altar of Uskayaw.
  8512 | D:8      | Noticed a two-headed ogre
  8578 | D:8      | Killed a two-headed ogre
  8776 | D:8      | Noticed a two-headed ogre
  8793 | D:8      | Killed a two-headed ogre
  8794 | D:8      | Reached skill level 9 in Conjurations
  8794 | D:8      | Reached XP level 10. HP: 22/73 MP: 15/21
  8842 | D:8      | Found a sand-covered staircase.
  8849 | Ossuary  | Entered an ossuary
  8968 | Ossuary  | Offered knowledge of Foxfire by Vehumet.
  9007 | Ossuary  | Reached ** piety under Vehumet
  9293 | Ossuary  | Learned a level 1 spell: Foxfire
  9685 | D:8      | Noticed Joseph
  9694 | D:8      | Killed Joseph
  9750 | D:8      | Offered knowledge of Ignite Poison by Vehumet.
  9755 | D:8      | Learned a level 3 spell: Ignite Poison
 10270 | D:9      | Found a broken altar of Ashenzari.
 10497 | D:9      | Found a shimmering altar of Xom.
 10513 | D:9      | Reached skill level 1 in Fire Magic
 10655 | D:9      | Reached skill level 1 in Transmutations
 10921 | D:9      | Noticed a white ugly thing
 10935 | D:9      | Killed a white ugly thing
 10936 | D:9      | Reached skill level 1 in Poison Magic
 11116 | D:10     | Entered Level 10 of the Dungeon
 11163 | D:9      | Reached *** piety under Vehumet
 11223 | D:9      | Noticed a cyclops
 11234 | D:9      | Killed a cyclops
 11235 | D:9      | Reached skill level 5 in Fighting
 11235 | D:9      | Reached skill level 5 in Hexes
 11235 | D:9      | Reached XP level 11. HP: 33/79 MP: 18/23
 11389 | D:9      | Noticed a centaur warrior
 11389 | D:9      | Noticed a deep elf pyromancer
 11404 | D:9      | Reached skill level 5 in Dodging
 11412 | D:9      | Killed a centaur warrior
 11434 | D:9      | Killed a deep elf pyromancer
 11435 | D:9      | Reached skill level 5 in Staves
 11456 | D:9      | Slain by a wyvern

Illustrated notes

Levels and vault maps discovered:
D:1:      minmay_arrival_shoal_huts, layout_basic
D:2:      kb_forest_paths, layout_basic, minmay_quadrilaterals
D:3:      layout_loops_cross, shapermc_ecumenical_altar_mp_urbaneastern
D:4:      layout_loops_ring, mainiacjoe_overflow_surrounded_room,
          grunt_ministairs_6, minmay_box_of_dots
D:5:      layout_basic, mainiacjoe_overflow_brackets, fedhas_altar_1
D:6:      layout_loops_ring, lemuel_blue_sif_altar, minmay_temple_entry_glass
D:7:      minmay_razor_zed, layout_basic, mainiacjoe_overflow_swirl,
          minmay_manual_mullet, uniq_pikel
D:8:      layout_loops_ring, nicolae_ossuary_entry_monument,
          kennysheep_generic_room_5, uniq_joseph
D:9:      minmay_klotski, layout_basic, mainiacjoe_overflow_alcove_1,
          mainiacjoe_overflow_cross_hatched, mainiacjoe_overflow_alcove_4,
          kennysheep_mini_moat, lair_entry_dummy, uniq_amaemon
D:10:     layout_small_grid, mainiacjoe_overflow_catwalk_spiral,
          hiddenorc1_lemuel, amcnicky_mini_pool_small, minmay_misc_feat_x
Temple:   dpeg_chambers_temple

Skill      XL: |  1  2  3  4  5  6  7  8  9 10 11 |
---------------+----------------------------------+-----
Dodging        | 2 3 4 5 |  5.1
Conjurations   | 5 6 7 9 |  9.9
Fighting       | 1 2 3 4 5 |  5.1
Stealth        | 2 3 |  3.2
Spellcasting   | 3 4 5 6 7 8 |  8.6
Hexes          | 1 2 3 4 5 |  5.1
Staves         | 1 2 3 4 5 |  5.0
Fire Magic     | 1 2 |  2.1
Transmutations | 1 |  1.9
Poison Magic   | 1 |  1.9
Unarmed Combat | |  0.1

Action                     |  1- 3 |  4- 6 |  7- 9 | 10-12 || total
---------------------------+-------+-------+-------+-------++-------
  Melee: Unarmed           |    33 |       |       |       ||    33
         Hand axe          |     1 |       |       |       ||     1
         Quarterstaff      |     3 |    13 |     7 |    46 ||    69
         Kick              |       |       |     3 |    11 ||    14
  Throw: Dart              |     3 |       |       |       ||     3
   Cast: Magic Dart        |    82 |   105 |    91 |    41 ||   319
         Searing Ray       |     3 |    11 |    39 |    26 ||    79
         Dazzling Flash    |     1 |     2 |     8 |     8 ||    19
         Fulminant Prism   |       |       |    16 |    16 ||    32
         Foxfire           |       |       |       |    93 ||    93
    Use: Scroll            |       |     6 |    12 |     3 ||    21
         Potion            |       |       |     1 |       ||     1
   Stab: Distracted        |     1 |       |       |     2 ||     3
         Invisible         |       |       |       |     1 ||     1
 Armour: Robe              |    10 |     7 |    14 |    29 ||    60
  Dodge: Dodged            |    31 |    16 |    68 |    66 ||   181

Table legend: (Time is in decaauts)
 A = Elapsed time spent in this place.
 B = Non-inter-level travel time spent in this place.
 C = Inter-level travel time spent in this place.
 D = Time resting spent in this place.
 E = Time spent auto-exploring this place.
 F = Levels seen in this place.
 G = Mean time per level.
                   A        B        C        D        E       F      G
               +--------+--------+--------+--------+--------+-----+--------+
         Total |  11518 |  10932 |    586 |      0 |   9341 |  12 |  959.8 |
       Dungeon |  10638 |  10052 |    586 |      0 |   8593 |  10 | 1063.8 |
        Temple |    225 |    225 |      0 |      0 |    203 |   1 |  225.0 |
       Ossuary |    655 |    655 |      0 |      0 |    544 |   1 |  655.0 |
               +--------+--------+--------+--------+--------+-----+--------+

Top non-repeatable levels by time:
     D:7: 1994 daAuts
     D:9: 1224 daAuts
     D:6: 1181 daAuts
     D:1: 1178 daAuts
     D:2: 1062 daAuts
     D:8: 1061 daAuts
     D:5: 988 daAuts
     D:4: 964 daAuts
     D:3: 941 daAuts
 Ossuary: 655 daAuts
  Temple: 225 daAuts
    D:10: 41 daAuts
